 Dungeon Crawl Stone Soup version 0.30.0-18-gc0e69614cb (webtiles) character file.

Game seed: 16389745361621308135

337 Brutalitops the Magician (level 6, -1/29 HPs)
             Began as a Spriggan Transmuter on May 25, 2023.
             Was a Believer of Dithmenos.
             Slain by a gnoll
             ... wielding a +0 spear
              (10 damage)
             ... on level 5 of the Dungeon.
             The game lasted 00:17:01 (4391 turns).

Brutalitops the Magician (Spriggan Transmuter)      Turns: 4391, Time: 00:17:01

Health: -1/29      AC:  2    Str:  6    XL:     6   Next: 28%
Magic:  13/14      EV: 23    Int: 17    God:    Dithmenos [**....]
Gold:   254        SH:  0    Dex: 15    Spells: 10/14 levels left

rFire   . .          .
                       - Unarmed
rCold   . . .        (no shield)
rNeg    . . .        a - +0 robe
rPois   .            (helmet restricted)
rElec   .            (no cloak)
rCorr   .            (gloves unavailable)
SInv    +            (boots unavailable)
Will    +....        (no amulet)
Stlth   ++           e - +5 ring of evasion
HPRegen 0.24/turn    (no ring)
MPRegen 0.14/turn

%: no passive effects
@: wreathed by umbra, very quick
A: very small, no large weapons, unfitting armour, see invisible, speed 3
a: Renounce Religion, Shadow Step


You were on level 5 of the Dungeon.
You worshipped Dithmenos.
Dithmenos was pleased with you.
You visited 1 branch of the dungeon, and saw 5 of its levels.

You collected 254 gold pieces.

Inventory:

Hand Weapons
 f - a +3 dagger
Armour
 a - a +0 robe (worn)
Magical Staves
 p - a staff of air
Jewellery
 e - a +5 ring of evasion (left hand)
Scrolls
 d - a scroll of magic mapping
Potions
 b - 2 potions of lignification
 c - 3 potions of heal wounds
 g - 3 potions of might
 h - 2 potions of curing
 i - 2 potions of mutation
 j - 2 potions of degeneration {unknown}
 k - a potion of berserk rage {unknown}
 l - 2 potions of attraction {unknown}


   Skills:
 + Level 0.9 Fighting
 + Level 4.0 Dodging
 + Level 2.2 Stealth
 + Level 4.0 Unarmed Combat
 + Level 4.8 Spellcasting
 + Level 4.0 Transmutations
 + Level 0.7 Poison Magic


You had 10 spell levels left.
You knew the following spells:

 Your Spells              Type           Power      Damage    Failure   Level
a - Beastly Appendage     Tmut           36%        N/A       2%          1
b - Spider Form           Tmut/Pois      12%        N/A       16%         3

Your spell library contained the following spells:

 Spells                   Type           Power      Damage    Failure   Level
 Wereblood                Tmut           18%        N/A       4%          2
 Summon Small Mammal      Summ           16%        N/A       14%         1
 Call Canine Familiar     Summ           4%         N/A       41%         3
 Summon Guardian Golem    Hex/Summ       4%         N/A       41%         3
 Ice Form                 Ice/Tmut       11%        N/A       52%         4


Dungeon Overview and Level Annotations

Branches:
Dungeon (5/15)
 Temple: D:4-7

Altars:
Dithmenos
Fedhas
Kikubaaqudgha
Yredelemnul

Annotations:
D:3 2 transporters, Menkaure
D:4 1 runed translucent door, hawla's ghost, weakling MeFE


Innate Abilities, Weirdness & Mutations

You are very small and have problems with some larger weapons.
You are too small for most types of armour.
You have supernaturally acute eyesight. (SInv)
You cover ground extremely quickly. (Speed+++)


Message History

The gnoll hits you with a +0 halberd. The gnoll completely misses you.
You hit the gnoll but do no damage.
You kill the gnoll!
Dithmenos accepts your kill. The gnoll misses you.
The gnoll closely misses you.
A gnoll comes into view. It is wielding a +0 spear.
Your Stealth skill increases to level 2!
The gnoll shouts!
You hit the gnoll.
The gnoll is poisoned.
The gnoll is moderately wounded.
The gnoll misses you.
The gnoll hits you from afar with a +0 spear.
The gnoll completely misses you.
You hit the gnoll.
The gnoll looks as sick as possible!
The gnoll is severely wounded.
You kill the gnoll!
Dithmenos accepts your kill.
You can now step into the shadows of nearby creatures.
The gnoll closely misses you. x2
Your Dodging skill increases to level 4!
You hit the gnoll.
The gnoll is poisoned.
The gnoll is moderately wounded.
The gnoll misses you. The gnoll completely misses you.
You hit the gnoll but do no damage.
The gnoll is moderately wounded.
The gnoll completely misses you. x2
You hit the gnoll.
You kill the gnoll!
Dithmenos accepts your kill.
The gnoll hits you from afar with a +0 spear!
The gnoll completely misses you.
Things that are here:
a +0 halberd; a gnoll corpse You barely miss the gnoll.
The gnoll misses you.
You hit the gnoll but do no damage.
The gnoll is poisoned.
You hit the gnoll but do no damage.
The gnoll looks as sick as possible!
The gnoll is lightly wounded.
Your transformation has ended.
Your +0 robe unmelds from your body.
The gnoll hits you with a +0 spear!
You die...

#(#.#
#.##....
#.#.#
......†.
#...#
####..#.
##..#
#..#.
#..#
#####....
#..#
#......|.
#).#
#.##.##.#
#..# ...
..# #)@#
..# #...
#.$g.# #
#.##
##.### ..
#.# .##
#.. ##. .
.#


You could see a gnoll (extremely poisoned).

Vanquished Creatures
  A gnoll bouda (D:4)
  Jessica (D:3)
  2 iguanas
  Terence (D:3)
  4 adders
  7 gnolls
  A worm (D:5)
  A dart slug (D:2)
  7 orcs (D:4)
  11 ball pythons
  7 endoplasms
  2 giant cockroaches
  10 goblins
  9 hobgoblins
  4 jackals (D:2)
  4 kobolds
  2 quokkas (D:1)
  7 bats
  4 frilled lizards
  8 rats
93 creatures vanquished.

Notes
Turn   | Place    | Note
-------+----------+-------------------------------------------
     0 | D:1      | Brutalitops the Spriggan Transmuter began the quest for the
                  | Orb.
     0 | D:1      | Reached XP level 1. HP: 9/9 MP: 5/5
   161 | D:1      | Reached XP level 2. HP: 14/14 MP: 4/7
   792 | D:1      | Reached XP level 3. HP: 14/17 MP: 6/8
   796 | D:1      | Learned a level 3 spell: Spider Form
  1377 | D:2      | Reached skill level 1 in Stealth
  1402 | D:2      | Reached XP level 4. HP: 20/21 MP: 8/10
  1961 | D:3      | Found a basalt altar of Yredelemnul.
  2030 | D:3      | Noticed Menkaure
  2031 | D:3      | Found an ancient bone altar of Kikubaaqudgha.
  2032 | D:3      | Noticed Jessica
  2043 | D:3      | Killed Jessica
  2185 | D:3      | Found a transporter.
  2210 | D:3      | Found a transporter.
  2399 | D:3      | Found a faded altar of an unknown god.
  2407 | D:3      | Prayed at the altar of an unknown god.
  2407 | D:3      | Became a worshipper of Dithmenos the Shadowed
  2407 | D:3      | Reached * piety under Dithmenos
  2480 | D:3      | Noticed Terence
  2502 | D:3      | Killed Terence
  2503 | D:3      | Reached XP level 5. HP: 21/25 MP: 2/12
  3075 | D:4      | Found a runed translucent door.
  3077 | D:4      | Noticed hawla's ghost (weakling MeFE)
  3655 | D:4      | Identified the +4 tower shield of Liberalism {rCorr Str+3
                  | Int-3}
  3724 | D:4      | Reached XP level 6. HP: 21/29 MP: 8/14
  4202 | D:5      | Entered Level 5 of the Dungeon
  4328 | D:5      | Found a blossoming altar of Fedhas.
  4384 | D:5      | Reached ** piety under Dithmenos
  4391 | D:5      | Slain by a gnoll

Illustrated notes

Levels and vault maps discovered:
D:1:      dpeg_arrival_water_temple_mockup, layout_loops_ring, minmay_3d_cube
D:2:      layout_loops_ring
D:3:      layout_loops_corners, gammafunk_temple_of_torment,
          ebering_ecumenical_altar_abandoned, minmay_close_crescents,
          uniq_jessica, uniq_terence
D:4:      layout_loops_corners, ebering_ghost_sewer_d, nicolae_grassy_gnolls
D:5:      layout_loops_ring, mainiacjoe_overflow_paths, old_standard_altar,
          minmay_temple_entry_ruins

Skill      XL: |  1  2  3  4  5  6 |
---------------+-------------------+-----
Spellcasting   | 3 4 |  4.8
Dodging        | 3 4 |  4.0
Unarmed Combat | 3 4 |  4.0
Transmutations | 3 4 |  4.0
Stealth        | 1 2 |  2.2
Fighting       | |  0.9
Poison Magic   | |  0.7

Action                     |  1- 3 |  4- 6 || total
---------------------------+-------+-------++-------
  Melee: Unarmed           |   127 |   150 ||   277
         Kick              |    31 |    28 ||    59
         Headbutt          |    25 |    15 ||    40
         Punch             |     3 |     1 ||     4
   Cast: Beastly Appendage |    33 |    23 ||    56
         Spider Form       |       |     6 ||     6
    Use: Scroll            |     3 |     7 ||    10
   Stab: Sleeping          |     2 |     2 ||     4
 Armour: Robe              |    13 |     1 ||    14
         Skin              |       |     1 ||     1
  Dodge: Dodged            |    78 |   129 ||   207
